 Dungeon Crawl Stone Soup version 0.19.5 (webtiles) character file.

807 JeffiDaFish the Shield-Bearer (level 7, -5/44 HPs)
             Began as a Gargoyle Fighter on Mar 27, 2017.
             Killed from afar by an orc wizard (12 damage)
             ... with a puff of flame
             ... on level 4 of the Dungeon.
             The game lasted 00:08:44 (3652 turns).

JeffiDaFish the Shield-Bearer (Gargoyle Fighter)    Turns: 3652, Time: 00:08:44

Health: -5/44      AC: 20    Str: 19    XL:     7   Next: 92%
Magic:  7/7        EV:  2    Int:  9    God:
Gold:   172        SH:  0    Dex: 11    Spells: 0 memorised, 6 levels left

rFire  . . .     SeeInvis .     a - +1 flail
rCold  . . .     Gourm    .     e - +0 plate armour
rNeg   + . .     Faith    .     m - +0 large shield
rPois  ∞         Spirit   .     (no helmet)
rElec  +         Reflect  .     i - +1 cloak
rCorr  .         Harm     .     (no gloves)
MR     .....                    n - +0 pair of boots
Stlth  ..........               (no amulet)
                                (no ring)
                                (no ring)

@: confused, very slightly contaminated
A: hooves 2, blink, negative energy resistance 1, electricity resistance,
unbreathing, petrification resistance, rot immunity, AC +4
a: Blink


You were on level 4 of the Dungeon.
You were not hungry.

You visited 1 branch of the dungeon, and saw 4 of its levels.
You also visited: Sewer.

You collected 262 gold pieces.
You spent 90 gold pieces at shops.

Inventory:

Hand Weapons
 a - a +1 flail (weapon)
Armour
 e - a +0 plate armour (worn)
 i - a +1 cloak (worn)
 m - a +0 large shield (worn)
 n - a +0 pair of boots (worn)
Scrolls
 j - a scroll of enchant weapon
 k - a scroll of magic mapping
 l - a scroll of identify
Comestibles
 b - 4 chunks of flesh
 f - 2 bread rations
 g - 2 meat rations
 h - 5 beef jerkies


   Skills:
 + Level 4.4 Fighting
 + Level 5.5 Maces & Flails
 + Level 5.1 Armour
 + Level 0.5 Dodging
 + Level 0.2 Stealth
 + Level 6.2 Shields


You had 6 spell levels left.
You didn't know any spells.

Dungeon Overview and Level Annotations

Branches:
Dungeon (4/15)
 Temple: D:4-7

Altars:

Shops:
D:4 [


Innate Abilities, Weirdness & Mutations

You are resistant to torment.
Your stone body is resilient. (AC +4)
You are immune to poison.
You resist negative energy. (rN+)
You are resistant to electric shocks. (rElec)
You can survive without breathing.
You are immune to petrification.
You are immune to rotting.
You have hoof-like feet.
You can translocate small distances at will.


Message History

The orc wizard gestures at you while chanting.
The magic dart hits you!
Your shield and plate armour prevent you from hitting the orc wizard.
You block the orc wizard's attack. The orc wizard barely misses you.
Your plate armour prevents you from hitting the orc wizard.
The orc wizard casts a spell at you.
You are confused.
The orc wizard gestures wildly while chanting.
The orc wizard blinks!
The orc wizard points at you and mumbles some strange words.
You are more confused.
The orc wizard gestures at you while chanting.
You are more confused.
The orc wizard casts a spell.
The orc wizard flickers and vanishes!
Deactivating autopickup; reactivate with Ctrl-A.
You hear some strange, mumbled words.
A puff of flame appears from out of thin air!
The puff of flame hits you!
You die...

#...............#.o..
#...............#...#
#...............#..s#
#...............#.o.#
#..[##..####...##o..#
##)#########...#.....
#.{..#........o#.....
#....#.........s....#
#...@#.........#....#
#....#.........#....#
#...###...##...#....#
############...#.....
#.........#.....
#.........#.....
#.........#.....
#.........#.....
##...##...#.....


There were no monsters in sight!

Vanquished Creatures
  Sigmund (D:4)
  2 bullfrogs (Sewer)
  2 scorpions (D:4)
  2 orc priests
  Crazy Yiuf (D:2)
  A centaur skeleton (D:3)
  Terence (D:2)
  8 adders
  A river rat (D:4)
  14 oozes (Sewer)
  A dart slug (D:1)
  12 leopard geckos
  5 orcs
  10 ball pythons
  18 giant cockroaches
  9 hobgoblins
  3 jackals (D:3)
  A quokka (D:4)
  10 bats
  19 frilled lizards
  8 goblins
  9 kobolds
  A quokka skeleton (D:4)
  8 rats
  A fungus (D:2)
148 creatures vanquished.

Notes
Turn   | Place    | Note
-------+----------+-------------------------------------------
     0 | D:1      | JeffiDaFish the Gargoyle Fighter began the quest for the Orb.
     0 | D:1      | Reached XP level 1. HP: 14/14 MP: 1/1
   125 | D:1      | Reached XP level 2. HP: 16/19 MP: 2/2
   585 | D:1      | Reached XP level 3. HP: 23/23 MP: 3/3
  1297 | D:2      | Found a runed door.
  1301 | D:2      | Noticed Crazy Yiuf
  1311 | D:2      | Killed Crazy Yiuf
  1311 | D:2      | Reached XP level 4. HP: 4/28 MP: 4/4
  1523 | D:2      | Noticed Terence
  1538 | D:2      | Killed Terence
  1538 | D:2      | Reached skill level 4 in Shields
  1664 | D:3      | Reached XP level 5. HP: 32/33 MP: 5/5
  1678 | D:3      | HP: 1/33 [orc (3)]
  2380 | D:4      | Reached XP level 6. HP: 38/38 MP: 6/6
  2523 | D:4      | Found a glowing drain.
  2581 | Sewer    | Entered a sewer
  3145 | Sewer    | Reached skill level 5 in Shields
  3145 | Sewer    | Reached XP level 7. HP: 33/43 MP: 7/7
  3161 | Sewer    | Reached skill level 5 in Maces & Flails
  3297 | D:4      | Reached skill level 5 in Armour
  3302 | D:4      | Found Guresk's Armour Shop.
  3305 | D:4      | Bought a +0 large shield for 45 gold pieces
  3305 | D:4      | Bought a +0 pair of boots for 45 gold pieces
  3330 | D:4      | Noticed Sigmund
  3360 | D:4      | Killed Sigmund
  3521 | D:4      | Reached skill level 6 in Shields
  3598 | D:4      | Gained mutation: You can translocate small distances at will. [potion of mutation]
  3598 | D:4      | Gained mutation: You have large cloven feet. [potion of mutation]
  3598 | D:4      | Gained mutation: You have hoof-like feet. [potion of mutation]
  3652 | D:4      | Killed from afar by an orc wizard

Skill      XL: |  1  2  3  4  5  6  7 |
---------------+----------------------+-----
Armour         | 4 5 |  5.1
Maces & Flails | 3 4 5 |  5.5
Shields        | 4 5 6 |  6.2
Fighting       | 4 |  4.4
Dodging        | |  0.5
Stealth        | |  0.2

Action                   |  1- 3 |  4- 6 |  7- 9 || total
-------------------------+-------+-------+-------++-------
Melee: Flail             |   162 |   543 |    82 ||   787
  Use: Potion            |     4 |     2 |     3 ||     9
       Scroll            |     2 |     7 |     3 ||    12
  Eat: Chunk             |     2 |     7 |     2 ||    11
Armor: Scale mail        |    46 |       |       ||    46
       Plate armour      |    74 |   485 |    58 ||   617
Dodge: Dodged            |    30 |    88 |     8 ||   126
Block: Shield            |    86 |   444 |    22 ||   552
       Large shield      |       |       |    31 ||    31
